 Dungeon Crawl Stone Soup version 0.21.1-1-g345015f (webtiles) character file.

10313 Kairos the Chopper (level 11, -12/83 HPs)
             Began as a Demonspawn Gladiator on Apr 16, 2018.
             Was an Elder of Okawaru.
             Shot with an arrow by a centaur (14 damage)
             ... on level 11 of the Dungeon.
             The game lasted 00:41:48 (18157 turns).

Kairos the Chopper (Demonspawn Gladiator)          Turns: 18157, Time: 00:41:48

Health: -12/83     AC:  4    Str: 16    XL:     11   Next: 34%
Magic:  15/15      EV: 16    Int: 11    God:    Okawaru [****..]
Gold:   205        SH: 10    Dex: 18    Spells: 9/10 levels left

rFire    . . .     SeeInvis +   J - +1 war axe (vamp)
rCold    + . .     Gourm    .   Q - +2 buckler
rNeg     . . .     Faith    .   F - +1 leather armour "Otyzxudd" {+Inv rElec rC+}
rPois    .         Spirit   .   (helmet unavailable)
rElec    +         Reflect  +   o - scarf {cloud immunity}
rCorr    +         Harm     .   (no gloves)
MR       .....                  (no boots)
Stlth    ++........             j - +2 amulet of reflection
HPRegen  0.23/turn              H - ring of resist corrosion
MPRegen  0.14/turn              u - +3 ring of dexterity

@: no status effects
A: antennae 3, claws 1, hooves 1, powered by pain 3
a: Heroism, Renounce Religion, Evoke Invisibility


You were on level 11 of the Dungeon.
You worshipped Okawaru.
Okawaru was greatly pleased with you.
You were not hungry.

You visited 2 branches of the dungeon, and saw 12 of its levels.

You collected 722 gold pieces.
You spent 517 gold pieces at shops.

Inventory:

Hand Weapons
 a - a +0 broad axe
 l - a +0 morningstar
 r - a +0 flail of protection
 J - a +1 vampiric war axe (weapon)
 P - a +2 antimagic whip
Missiles
 d - 2 throwing nets (quivered)
 S - 7 silver tomahawks
Armour
 o - a scarf of cloud immunity (worn)
 t - a +0 chain mail of fire resistance
 v - a +0 shield
 F - the +1 leather armour "Otyzxudd" (worn) {+Inv rElec rC+}
   (You bought it in a shop on level 6 of the Dungeon)

   It protects you from cold.
   It insulates you from electricity.
   It lets you turn invisible.
 K - a +2 plate armour of cold resistance
 L - a +1 plate armour of magic resistance
 Q - a +2 buckler (worn)
Jewellery
 j - a +2 amulet of reflection (around neck)
 q - an uncursed ring of magical power
 u - a +3 ring of dexterity (right claw)
 x - an uncursed ring of ice
 H - a ring of resist corrosion (left claw)
 I - an uncursed ring of wizardry
Wands
 g - a wand of scattershot (7)
 C - a wand of flame (40)
 D - a wand of enslavement (17)
 G - a wand of iceblast (20)
 R - a wand of acid (7)
 U - a wand of random effects (11)
Scrolls
 e - a scroll of blinking
 n - 4 scrolls of immolation
 p - 6 scrolls of teleportation
 s - a scroll of enchant weapon {unknown}
 y - 2 scrolls of amnesia {unknown}
 B - a scroll of fog
 M - 2 scrolls of remove curse
 O - 2 scrolls of magic mapping {unknown}
 T - 2 scrolls of identify
Potions
 b - 3 potions of flight
 c - 3 potions of haste {unknown}
 h - 2 potions of resistance {unknown}
 i - a potion of brilliance
 k - 2 potions of curing
 m - 2 potions of lignification
 w - a potion of invisibility
 z - 3 potions of mutation {unknown}
 A - a potion of ambrosia {unknown}
 E - 3 potions of agility {unknown}
Books
 N - a book of Conjurations

   Spells                             Type                      Level
   a - Magic Dart                     Conjuration                  1
   b - Searing Ray                    Conjuration                  2
   c - Dazzling Spray                 Conjuration/Hexes            3
   d - Fulminant Prism                Conjuration/Hexes            4
   e - Force Lance                    Conjuration/Translocation    4
   f - Iskenderun's Mystic Blast      Conjuration                  4
Comestibles
 f - 11 rations


   Skills:
 + Level 6.6 Fighting
 + Level 7.7(9.0) Axes
 + Level 7.1(8.7) Maces & Flails
 + Level 1.9 Throwing
 + Level 5.6 Armour
 + Level 5.9 Dodging
 + Level 4.0 Stealth
 + Level 5.0 Shields
 * Level 6.0 Evocations


You had 9 spell levels left.
You knew the following spells:

 Your Spells              Type           Power        Failure   Level  Hunger
a - Magic Dart            Conj           #...         38%         1    ##.....


Dungeon Overview and Level Annotations

Branches:
Dungeon (11/15)            Temple (1/1) D:6            Lair (0/6) D:11
    Orc (0/2) D:9

Altars:
Ashenzari
Cheibriados
Dithmenos
Elyvilon
Fedhas
Gozag
Hepliaklqana
Kikubaaqudgha
Makhleb
Nemelex Xobeh
Okawaru
Qazlal
Ru
Sif Muna
Trog
Uskayaw
Vehumet
Wu Jian
Xom
Yredelemnul
Zin
The Shining One

Shops:
D:6 ([[}[   D:9 :


Innate Abilities, Weirdness & Mutations

You have a pair of large antennae on your head. (SInv)
You have sharp fingernails.
You have large cloven feet.
You are powered by pain.


Message History

It stops flaming.
You block the centaur's attack.
The centaur unwields an uncursed shortbow.
The centaur closely misses you.
The centaur wields an uncursed shortbow.
The centaur shoots an arrow.
The arrow hits you!
* * * LOW HITPOINT WARNING * * *
The centaur shoots an arrow.
The arrow hits you!
* * * LOW HITPOINT WARNING * * *
The centaur hits you!
* * * LOW HITPOINT WARNING * * *
You see here 2 arrows.
You closely miss the centaur.
The centaur is heavily wounded.
You hit the centaur.
You feel better. The centaur misses you.
The centaur shoots an arrow.
The arrow hits you.
* * * LOW HITPOINT WARNING * * *
The centaur shoots an arrow.
The arrow barely misses you. You block the centaur's attack.
The centaur barely misses you.
The centaur shoots an arrow.
The arrow hits you!
You die...

..#....#...#
..#....#...#.......#
..#..).#...#.......#...#
..#....#...#.(.....#...#
..+....#...#....../#...#
..#....#...#.......#...#
..#....#...#...((..#...#
..#....'...#..cc.c.'...#
y.#....#...#....@..#...#####
.W#....#..(######c##........
..###+##..(.......((........
..................)(........
...........(.......(#####...
.........[.<..[....(# ..
...........(........# #
.......############.#
.......#..........')#


You could see 4 centaurs.

Vanquished Creatures
  An unseen horror (D:11)
  A troll (D:9)
  A hornet (D:11)
  4 hippogriffs
  A spriggan (D:8)
  A wraith (D:10)
  10 yaks
  A hungry ghost (D:10)
  A water moccasin (D:6)
  2 black bears (D:10)
  An ice beast (D:10)
  2 sky beasts
  9 orc warriors
  2 eyes of draining (D:9)
  7 ogres
  3 phantoms
  6 centaurs
  2 big kobolds (D:9)
  4 bullfrogs
  2 gnoll sergeants (D:9)
  A wyvern zombie (D:9)
  A water moccasin zombie (D:5)
  7 scorpions
  A water moccasin skeleton (D:5)
  25 killer bees
  6 wights (D:10)
  2 crimson imps
  A centaur zombie (D:10)
  2 bullfrog zombies
  3 hounds
  3 orc priests
  A centaur skeleton (D:5)
  3 jellies
  10 orc wizards
  A gnoll shaman (D:5)
  Ijyb (D:4)
  Terence (D:3)
  2 iguanas
  13 worker ants
  A killer bee zombie (D:8)
  A hound zombie (D:10)
  Robin (D:4)
  A howler monkey zombie (D:7)
  6 gnolls
  8 adders
  A shadow imp (D:6)
  An ooze (D:4)
  2 adder skeletons
  2 worms
  2 dart slugs
  10 leopard geckos
  40 orcs
  3 giant cockroaches
  10 goblins
  8 hobgoblins
  9 jackals
  4 quokkas
  2 ball pythons (D:2)
  6 bats
  A frilled lizard (D:4)
  A giant cockroach zombie (D:5)
  6 kobolds
  A leopard gecko skeleton (D:4)
  A leopard gecko zombie (D:5)
  A quokka skeleton (D:6)
  7 rats
281 creatures vanquished.

Vanquished Creatures (others)
  A killer bee (D:10)
  A goblin (D:4)
2 creatures vanquished.

Grand Total: 283 creatures vanquished

Notes
Turn   | Place    | Note
-------+----------+-------------------------------------------
     0 | D:1      | Kairos the Demonspawn Gladiator began the quest for the Orb.
     0 | D:1      | Reached XP level 1. HP: 16/16 MP: 1/1
   268 | D:1      | Gained mutation: You sometimes gain a little power by taking damage. [demonic ancestry]
   268 | D:1      | Reached XP level 2. HP: 4/22 MP: 2/2
  1211 | D:2      | Gained mutation: You have a pair of small antennae on your head. [demonic ancestry]
  1211 | D:2      | Reached XP level 3. HP: 20/27 MP: 3/3
  2009 | D:3      | Reached skill level 1 in Armour
  2556 | D:3      | Found a hide-covered altar of Uskayaw.
  2557 | D:3      | Found a hazy altar of Hepliaklqana.
  2559 | D:3      | Reached XP level 4. HP: 34/34 MP: 4/4
  2701 | D:3      | Noticed Terence
  2706 | D:3      | Killed Terence
  3600 | D:4      | Reached skill level 1 in Shields
  3600 | D:4      | Gained mutation: You have sharp fingernails. [demonic ancestry]
  3600 | D:4      | Reached XP level 5. HP: 29/39 MP: 5/5
  3656 | D:4      | Noticed Ijyb
  3667 | D:4      | Killed Ijyb
  4176 | D:4      | Found a sacrificial altar of Ru.
  4176 | D:4      | Found a shadowy altar of Dithmenos.
  4177 | D:4      | Found an ancient bone altar of Kikubaaqudgha.
  4331 | D:4      | Reached XP level 6. HP: 34/46 MP: 6/6
  4535 | D:4      | Noticed Robin
  4558 | D:4      | Reached skill level 5 in Maces & Flails
  4559 | D:4      | Killed Robin
  5231 | D:5      | Entered Level 5 of the Dungeon
  5492 | D:5      | Gained mutation: You have large cloven feet. [demonic ancestry]
  5492 | D:5      | Reached XP level 7. HP: 42/52 MP: 7/7
  5498 | D:5      | Found a snail-covered altar of Cheibriados.
  6411 | D:5      | Noticed a hippogriff
  6421 | D:5      | Killed a hippogriff
  6421 | D:5      | Gained mutation: You sometimes gain power by taking damage. [demonic ancestry]
  6421 | D:5      | Reached XP level 8. HP: 25/61 MP: 8/8
  6628 | D:5      | Found a deep blue altar of Sif Muna.
  7361 | D:6      | Found a staircase to the Ecumenical Temple.
  7497 | Temple   | Entered the Ecumenical Temple
  7533 | Temple   | Became a worshipper of Warmaster Okawaru
  7631 | D:6      | Found Owenoeri's Armour Shop.
  7726 | D:6      | Found Nuohevur's Gadget Shoppe.
  7782 | D:6      | Found Libofoer's Armour Shoppe.
  7817 | D:6      | Found Loru's Weapon Shoppe.
  7967 | D:6      | Found Tisofa's Antique Armour Boutique.
  8783 | D:6      | Bought the cursed +1 leather armour "Otyzxudd" {+Inv rElec rC+} for 352 gold pieces
  9313 | D:7      | Found an ornate altar of the Wu Jian Council.
  9395 | D:7      | Found a blossoming altar of Fedhas.
  9461 | D:7      | Reached skill level 5 in Fighting
  9726 | D:7      | Reached skill level 1 in Axes
  9726 | D:7      | Reached skill level 5 in Armour
  9726 | D:7      | Reached skill level 1 in Evocations
  9726 | D:7      | Gained mutation: You have a pair of antennae on your head. [demonic ancestry]
  9726 | D:7      | Reached XP level 9. HP: 24/68 MP: 9/9
 10109 | D:7      | Found a blossoming altar of Fedhas.
 10286 | D:7      | Reached * piety under Okawaru
 11075 | D:7      | HP: 3/102 [killer bee (5)]
 11081 | D:7      | Reached ** piety under Okawaru
 11334 | D:8      | Found a shimmering altar of Xom.
 11689 | D:8      | Reached skill level 5 in Dodging
 12081 | D:8      | Found a glowing golden altar of the Shining One.
 12115 | D:9      | Found a glowing silver altar of Zin.
 12220 | D:9      | Found a bloodstained altar of Trog.
 12229 | D:9      | Reached skill level 1 in Stealth
 12229 | D:9      | Gained mutation: You have a pair of large antennae on your head. (SInv) [demonic ancestry]
 12229 | D:9      | Reached XP level 10. HP: 74/74 MP: 0/12
 12232 | D:9      | Reached skill level 5 in Axes
 12477 | D:9      | Found a staircase to the Orcish Mines.
 12509 | D:9      | Reached *** piety under Okawaru
 12774 | D:8      | Learned a level 1 spell: Magic Dart
 13215 | D:9      | Found a white marble altar of Elyvilon.
 13229 | D:9      | Found a sparkling altar of Nemelex Xobeh.
 13500 | D:9      | Found Letezef's Book Boutique.
 13606 | D:9      | Found a glowing golden altar of the Shining One.
 13665 | D:10     | Entered Level 10 of the Dungeon
 13737 | D:10     | Reached **** piety under Okawaru
 13766 | D:10     | Noticed an unseen horror
 14081 | D:10     | Reached skill level 5 in Evocations
 14774 | D:10     | Received a gift from Okawaru
 15003 | D:10     | Gained mutation: You are powered by pain. [demonic ancestry]
 15003 | D:10     | Reached XP level 11. HP: 66/81 MP: 14/14
 15584 | D:11     | Reached ***** piety under Okawaru
 15872 | D:11     | Found a staircase to the Lair.
 16196 | D:6      | Bought a glowing buckler for 165 gold pieces
 16369 | D:10     | Received a gift from Okawaru
 16677 | D:10     | HP: 1/83 [orc warrior/short sword of electrocution (15)]
 17226 | D:11     | Noticed a white ugly thing
 17257 | D:11     | Noticed a death yak
 17257 | D:11     | Noticed a death yak
 17257 | D:11     | Noticed a death yak
 17257 | D:11     | Noticed a death yak
 17860 | D:11     | Noticed an unseen horror
 17860 | D:11     | Noticed an unseen horror
 17912 | D:11     | Killed an unseen horror
 17912 | D:11     | Reached skill level 5 in Shields
 18156 | D:11     | HP: 3/83 [centaur (8)]
 18157 | D:11     | Shot with an arrow by a centaur

Skill      XL: |  1  2  3  4  5  6  7  8  9 10 11 |
---------------+----------------------------------+-----
Dodging        | 3 5 |  5.9
Maces & Flails | 3 4 5 6 7 |  7.1
Armour         | 1 2 3 5 |  5.6
Shields        | 1 2 3 4 5 |  5.0
Fighting       | 3 4 5 6 |  6.6
Axes           | 1 4 7 |  7.7
Evocations     | 1 3 5 6 |  6.0
Stealth        | 1 3 4 |  4.0
Throwing       | |  1.9

Action                   |  1- 3 |  4- 6 |  7- 9 | 10-12 || total
-------------------------+-------+-------+-------+-------++-------
Melee: Flail             |   185 |   177 |       |       ||   362
       Morningstar       |       |     5 |   118 |       ||   123
       Kick              |       |       |   122 |   185 ||   307
       War axe           |       |       |   250 |   487 ||   737
       Dire flail        |       |       |    17 |       ||    17
Throw: Throwing net      |       |       |     1 |       ||     1
Invok: Heroism           |       |       |     1 |     4 ||     5
 Abil: Evoke Invisibilit |       |       |       |     8 ||     8
Evoke: Wand              |       |     2 |     8 |     1 ||    11
  Use: Scroll            |       |     8 |     2 |     9 ||    19
       Potion            |       |     1 |     7 |       ||     8
 Stab: Sleeping          |     1 |       |     1 |     2 ||     4
       Invisible         |       |       |       |    61 ||    61
  Eat: Chunk             |     4 |     8 |    15 |     8 ||    35
       Ration            |       |     1 |     3 |     5 ||     9
Armor: Leather armour    |    47 |    10 |    29 |    42 ||   128
       Chain mail        |       |    84 |    66 |       ||   150
       Skin              |       |       |   148 |       ||   148
       Plate armour      |       |       |       |     4 ||     4
Dodge: Dodged            |   145 |    44 |   189 |   421 ||   799
Block: Other             |     7 |       |     3 |       ||    10
       Shield            |    35 |   108 |    88 |       ||   231
       Reflection        |       |     3 |     3 |     7 ||    13
       Buckler           |       |       |   135 |   267 ||   402
